 Dungeon Crawl Stone Soup version 0.28-a0-938-gbc3f381 (webtiles) character file.

Game seed: 13878275856903444887

24 Blightor the Skirmisher (level 2, 0/24 HPs)
             Began as a Demonspawn Monk on Nov 28, 2021.
             Succumbed to a goblin's poison
             ... on level 1 of the Dungeon.
             The game lasted 00:02:23 (1048 turns).

Blightor the Skirmisher (Demonspawn Monk)           Turns: 1048, Time: 00:02:23

Health: 0/24       AC:  2    Str: 11    XL:     2   Next: 79%
Magic:  2/2        EV: 13    Int: 11    God:
Gold:   82         SH:  0    Dex: 15    Spells: 1/1 levels left

rFire   . . .      SeeInvis .     - Unarmed
rCold   . . .      Faith    .   (no shield)
rNeg    . . .      Spirit   .   a - +0 robe
rPois   .          Reflect  .   (no helmet)
rElec   .          Harm     .   (no cloak)
rCorr   .          Rampage  .   (no gloves)
Will    .....                   (no boots)
Stlth   ++........              (no amulet)
HPRegen 0.08/turn               (no ring)
MPRegen 0.08/turn               (no ring)

@: lethally poisoned (0 -> -4)
A: weakness stinger 1
a: no special abilities


You were on level 1 of the Dungeon.
You visited 1 branch of the dungeon, and saw 1 of its levels.

You collected 82 gold pieces.

Inventory:

Armour
 a - a +0 robe (worn)
Scrolls
 b - a scroll of teleportation {unknown}
 c - a scroll of identify {unknown}
Potions
 d - a potion of invisibility {unknown}


   Skills:
 + Level 3.2 Fighting
 + Level 3.1 Dodging
 + Level 1.9 Stealth
 + Level 3.1 Unarmed Combat


You had one spell level left.
You didn't know any spells.
Your spell library was empty.

Dungeon Overview and Level Annotations

Branches:
Dungeon (1/15)

Altars:

Shops:
D:1 *


Innate Abilities, Weirdness & Mutations

You have a small tail.


Message History

The bat barely misses you.
A goblin and a hobgoblin come into view.
The goblin is wielding a +1 dagger of venom.
The bat closely misses you. The bat hits you but does no damage.
You see here a bubbling puce potion.
The bat hits you but does no damage.
You see here a bubbling puce potion.
You barely miss the bat. The bat closely misses you. The bat barely misses you.
You hit the bat.
You kill the bat!
d - a bubbling puce potion You see here 15 gold pieces.
The hobgoblin shouts!
The hobgoblin closely misses you.
You hit the hobgoblin but do no damage. The hobgoblin closely misses you.
The goblin hits you with a +1 dagger of venom.
You are poisoned.
You barely miss the hobgoblin.
You feel very sick. The hobgoblin hits you. The goblin barely misses you.
You feel sick.
You feel sick.
You feel sick.
You feel sick.
You feel sick.
You hit the goblin but do no damage.
You feel sick.
The goblin hits you with a +1 dagger of venom.
You are lethally poisoned!
You hit the goblin.
You kill the goblin!
* * * LOW HITPOINT WARNING * * *
You feel sick.
* * * LOW HITPOINT WARNING * * *
You feel sick.
* * * LOW HITPOINT WARNING * * *
You feel sick.
* * * LOW HITPOINT WARNING * * *
You feel sick.
You die...

############# ##
..##......... ..#
##.#.######## #.# ##..## #.#
#...# #.# ##...# #.# ##.#..#
##.##
..##..##################$..##
.###.....†......@.g..)......#
.........###############....#
......##.# #.....# .####.##.#
#.#.#.# .# #.##.# ........#
.# #.##.# ###.#.#..# ##
#.##.# #....... #####.##..
##### .## ......# ..


You could see a hobgoblin.

Vanquished Creatures
  4 bats (D:1)
  An endoplasm (D:1)
  5 giant cockroaches (D:1)
  4 goblins (D:1)
  A quokka (D:1)
  4 ball pythons (D:1)
  A frilled lizard (D:1)
  4 rats (D:1)
24 creatures vanquished.

Notes
Turn   | Place    | Note
-------+----------+-------------------------------------------
     0 | D:1      | Blightor the Demonspawn Monk began the quest for the Orb.
     0 | D:1      | Reached XP level 1. HP: 18/18 MP: 1/1
   392 | D:1      | Found Ceamoc's General Store.
   642 | D:1      | Gained mutation: You have a small tail. [demonic ancestry]
   642 | D:1      | Reached XP level 2. HP: 23/24 MP: 2/2
  1047 | D:1      | HP: 1/24 [poisoned by a goblin]
  1048 | D:1      | Succumbed to a goblin's poison

Illustrated notes

Levels and vault maps discovered:
D:1:      dpeg_arrival_ternary, layout_loops_ring, serial_shops, shop_statue

Skill      XL: |  1  2 |
---------------+-------+-----
Dodging        | 3 |  3.1
Unarmed Combat | 3 |  3.1
Fighting       | |  3.2
Stealth        | |  1.9

Action                   || total
-------------------------++-------
Melee: Unarmed           ||    96
       Tailslap          ||     5
 Stab: Sleeping          ||     4
Armor: Robe              ||    13
Dodge: Dodged            ||    69

Table legend: (Time is in decaauts)
 A = Elapsed time spent in this place.
 B = Non-inter-level travel time spent in this place.
 C = Inter-level travel time spent in this place.
 D = Time resting spent in this place.
 E = Time spent auto-exploring this place.
 F = Levels seen in this place.
 G = Mean time per level.
                   A        B        C        D        E       F      G
               +--------+--------+--------+--------+--------+-----+--------+
         Total |   1043 |   1043 |      0 |    179 |    640 |   1 | 1043.0 |
       Dungeon |   1043 |   1043 |      0 |    179 |    640 |   1 | 1043.0 |
               +--------+--------+--------+--------+--------+-----+--------+

Top non-repeatable levels by time:
     D:1: 1043 daAuts
